 Dungeon Crawl Stone Soup version 0.32-a0-22-g6ae6769602 (webtiles) character file.

Game seed: 871140330747952444

13 sokol815 the Poker (level 2, 0/30 HPs)
             Began as an Octopode Gladiator on Jan 19, 2024.
             Slain by a gnoll
             ... wielding a +0 spear
              (6 damage)
             ... on level 1 of the Dungeon.
             The game lasted 00:00:49 (292 turns).

sokol815 the Poker (Octopode Gladiator)              Turns: 292, Time: 00:00:49

Health: 0/30       AC:  1    Str: 13    XL:     2   Next: 37%
Magic:  2/2        EV: 13    Int: 10    God:
Gold:   8          SH:  0    Dex: 13    Spells: 1/1 levels left

rFire   . . .        a - +0 trident
rCold   . . .        (no shield)
rNeg    . . .        b - +0 hat
rPois   .            (no amulet)
rElec   .            (no ring)
rCorr   .            (no ring)
SInv    .            (no ring)
Will    .....        (no ring) Stlth
                     (no ring)
HPRegen 0.25/turn    (no ring)
MPRegen 0.08/turn    (no ring)
                     (no ring)

%: no passive effects
@: berserking, very quick
A: almost no armour, amphibious, 8 rings, camouflage 1, gelatinous body 1,
(nimble swimmer 1), tentacles
a: no special abilities


You were on level 1 of the Dungeon.
You visited 1 branch of the dungeon, and saw 1 of its levels.

You collected 8 gold pieces.

Inventory:

Hand Weapons
 a - a +0 trident (weapon)
Missiles
 c - 3 throwing nets {!d}
 d - 6 javelins
Armour
 b - a +0 hat (worn)
Potions
 f - a potion of haste {unknown}
 g - a potion of resistance {unknown}


   Skills:
 + Level 2.5 Fighting
 + Level 3.3 Polearms
 - Level 2.0 Throwing
 - Level 3.0 Dodging


You had one spell level left.
You didn't know any spells.
Your spell library was empty.

Dungeon Overview and Level Annotations

Branches:
Dungeon (1/15) Zot: 5705

Altars:


Innate Abilities, Weirdness & Mutations

You cannot wear most types of armour.
You are amphibious.
You can wear up to eight rings at the same time.
Your skin changes colour to match your surroundings (Stealth+).
Your rubbery body absorbs attacks. (AC +1, EV +1)
((You are camouflaged when in or above water. (Stealth+)))
You have tentacles for arms and can constrict up to eight enemies at once.


Message History

A hobgoblin comes into view.
You reach to attack!
The helpless hobgoblin fails to defend itself.
You hit the hobgoblin. You barely miss the hobgoblin. You grab the hobgoblin.
You squeeze the hobgoblin.
You kill the hobgoblin!
You have reached level 2!
Health restored: 20; MP restored: 2 A rat comes into view.
You see here a +0 ring mail.
You reach to attack!
The helpless rat fails to defend itself.
You hit the rat but do no damage. You barely miss the rat.
Your grab misses the rat. The rat barely misses you.
You puncture the rat!
You kill the rat!
No target in view!
An endoplasm comes into view.
The endoplasm quivers.
You hit the endoplasm. The endoplasm freezes you.
You are frozen.
The endoplasm completely misses you.
You take 2 damage, and have 18/20 hp.
You hit the endoplasm.
You kill the endoplasm!
No target in view!
g - a golden potion Health restored: 20 A kobold comes into view.
It is wielding a +0 dagger.
You reach to attack!
The helpless kobold fails to defend itself.
You puncture the kobold!
You kill the kobold!
No target in view!
No target in view!
A giant cockroach comes into view.
A gnoll comes into view. It is wielding a +0 spear.
An endoplasm comes into view.
A giant cockroach and an endoplasm come into view.
The endoplasm quivers.
A kobold, an endoplasm and 2 bats come into view.
The helpless endoplasm fails to defend itself.
You hit the endoplasm.
The gnoll shouts!
The endoplasm quivers.
The kobold shouts!
The giant cockroach closely misses you. The endoplasm freezes you.
You are frozen.
You take 5 damage, and have 15/20 hp.
MASSIVE DAMAGE!!
The giant cockroach closely misses you. The gnoll attacks as it pursues you!
The gnoll misses you.
The endoplasm jiggles.
The giant cockroach barely misses you.
The giant cockroach attacks as it pursues you!
The giant cockroach barely misses you.
The giant cockroach attacks as it pursues you!
The giant cockroach bites you.
You barely miss the giant cockroach. You grab the giant cockroach.
You squeeze the giant cockroach.
You constrict the giant cockroach, but do no damage.
The giant cockroach closely misses you. The giant cockroach misses you.
You puncture the giant cockroach!
You kill the giant cockroach!
The bat misses you.
You puncture the bat!
You kill the bat!
The bat barely misses you.
You reach to attack!
You closely miss the bat. The bat closely misses you.
You hit the giant cockroach.
You kill the giant cockroach!
It was a potion of berserk rage.
A red film seems to cover your vision as you go berserk!
You feel yourself moving faster!
You feel mighty! The bat hits you. The gnoll closely misses you.
You now have 24/30 hp.
You feel a strong urge to attack something.
The bat hits you but does no damage. The gnoll hits you with a +0 spear.
You see here a giant cockroach corpse.
You take 5 damage, and have 19/30 hp.
You barely miss the gnoll. Your grab misses the gnoll.
Your tentacle-slap misses the gnoll.
Your squeeze misses the gnoll. The bat barely misses you.
The bat completely misses you. The gnoll hits you with a +0 spear.
You take 4 damage, and have 15/30 hp.
You barely miss the gnoll. Your grab misses the gnoll.
Your tentacle-slap misses the gnoll.
Your squeeze misses the gnoll. The bat hits you. The bat barely misses you.
The gnoll hits you with a +0 spear!
* * * LOW HITPOINT WARNING * * *
You take 9 damage, and have 6/30 hp.
MASSIVE DAMAGE!!
You barely miss the gnoll. You grab the gnoll. You constrict the gnoll.
The bat hits you but does no damage.
You hit the gnoll. You constrict the gnoll. The bat hits you.
* * * LOW HITPOINT WARNING * * *
The gnoll hits you with a +0 spear.
You die...

#.##.# #.#
####.##
#.##.####.# #.##
#.##......# #.##
#.######..#####
#.## #.#
#.......# #...
#.# #...###.#
#### #.......# #
## #..###b)# #
#..### #.Jg@J..#
#
#.....##.####..#
#
...##..#.......#
#
##..##.g.###.....
# #.8K$#JbJ#
..### ..?.8....#
..# .8)...#...
..# #[.8$##..##
.## ##..##...#


You could see a gnoll, 2 endoplasms and a bat.

Vanquished Creatures
  An endoplasm (D:1)
  3 giant cockroaches (D:1)
  2 goblins (D:1)
  A hobgoblin (D:1)
  A ball python (D:1)
  A bat (D:1)
  A kobold (D:1)
  2 rats (D:1)
12 creatures vanquished.

Notes
Turn   | Place    | Note
-------+----------+-------------------------------------------
     0 | D:1      | sokol815 the Octopode Gladiator began the quest for the
                  | Orb.
     0 | D:1      | Reached XP level 1. HP: 14/14 MP: 1/1
   203 | D:1      | Reached XP level 2. HP: 20/20 MP: 2/2
   290 | D:1      | HP: 6/30 [gnoll/+0 spear (8)]
   292 | D:1      | Slain by a gnoll

Illustrated notes

Levels and vault maps discovered:
D:1:      scummos_arrival_gate, layout_loops_ring, minmay_pentomino_w4

Action                     || total
---------------------------++-------
  Melee: Trident           ||    25
         Constrict         ||     4
         Tentacles         ||     3
    Use: Potion            ||     1
   Stab: Sleeping          ||     4
 Armour: Skin              ||    10
  Dodge: Dodged            ||    17

Table legend: (Time is in decaauts)
 A = Elapsed time spent in this place.
 B = Non-inter-level travel time spent in this place.
 C = Inter-level travel time spent in this place.
 D = Time resting spent in this place.
 E = Time spent auto-exploring this place.
 F = Levels seen in this place.
 G = Mean time per level.
                   A        B        C        D        E       F      G
               +--------+--------+--------+--------+--------+-----+--------+
         Total |    293 |    293 |      0 |      0 |    217 |   1 |  293.0 |
       Dungeon |    293 |    293 |      0 |      0 |    217 |   1 |  293.0 |
               +--------+--------+--------+--------+--------+-----+--------+

Top non-repeatable levels by time:
     D:1: 293 daAuts

Levels and vault maps discovered:
D:1:      scummos_arrival_gate, layout_loops_ring, minmay_pentomino_w4

Table legend: (Time is in decaauts)
 A = Elapsed time spent in this place.
 B = Non-inter-level travel time spent in this place.
 C = Inter-level travel time spent in this place.
 D = Time resting spent in this place.
 E = Time spent auto-exploring this place.
 F = Levels seen in this place.
 G = Mean time per level.
                   A        B        C        D        E       F      G
               +--------+--------+--------+--------+--------+-----+--------+
         Total |    293 |    293 |      0 |      0 |    217 |   1 |  293.0 |
       Dungeon |    293 |    293 |      0 |      0 |    217 |   1 |  293.0 |
               +--------+--------+--------+--------+--------+-----+--------+

Top non-repeatable levels by time:
     D:1: 293 daAuts

Table legend:
 A = Kills in this place as a percentage of kills in the entire game.
 B = Kills by you in this place as a percentage of kills by you in the entire game.
 C = Kills by friends in this place as a percentage of kills by friends in the entire game.
 D = Other kills in this place as a percentage of other kills in the entire game.
 E = Experience gained in this place as a percentage of experience gained in the entire game.
 F = Experience gained in this place divided by the number of levels of this place that you have seen.
                   A       B       C       D       E      F
               +-------+-------+-------+-------+-------+----------------------
         Total | 100.0 | 100.0 |   N/A |   N/A | 100.0 |  19.0
       Dungeon | 100.0 | 100.0 |   N/A |   N/A | 100.0 |  19.0
               +-------+-------+-------+-------+-------+----------------------
